Map: Kairos Junction LE

Players

kobebest

  • Race: Protoss Protoss
  • League: Platinum
  • Spawn Location: 5:00

Parkkatz - Winner!

  • Race: Zerg Zerg
  • League: Platinum
  • Spawn Location: 11:00

VOD

Have the link to the VOD?

Description

Time

  • Played on: July 3, 2019, 9:35 a.m.
  • Length: 10:54
Show
View Real Time Build Order
Export as new Build Order

kobebest Protoss 

Build Orders:  

Get SALT Encoding   

  12  0:01  Probe  
  13  0:13  Probe  
  14  0:25  Probe  
  15  0:28  Pylon  
  15  0:46  Probe  
  16  0:58  Probe  
  17  1:06  Nexus  
  17  1:14  Gateway  
  17  1:15  Probe  
  18  1:22  Assimilator  
  18  1:27  Assimilator  
  18  1:30  Probe  
  19  1:42  Probe  
  20  1:54  Probe  
  20  1:58  Pylon  
  21  2:07  Probe  
  22  2:18  Probe  
  22  2:19  Probe  
  22  2:21  Cybernetics Core  
  24  2:24  Gateway  
  24  2:31  Probe  
  25  2:40  Gateway  
  25  2:44  Pylon  
  25  2:50  Warp Gate  
  25  2:59  Twilight Council  
  25  3:04  Probe  
  26  3:20  Adept x2  
  30  3:30  Resonating Glaives, Stalker  
  30  3:53  Adept x2  
  34  3:56  Probe  
  34  3:57  Probe  
  36  4:04  Adept  
  36  4:06  Probe  
  38  4:10  Pylon  
  38  4:14  Probe  
  40  4:26  Probe  
  41  4:31  Gateway  
  41  4:34  Gateway  
  41  4:40  Adept  
  41  4:41  Probe  
  41  4:42  Adept  
  41  4:44  Probe  
  47  4:49  Probe  
  47  4:58  Probe  
  48  5:01  Gateway, Probe  
  50  5:13  Probe  
  39  6:06  Adept x2  
  39  6:07  Adept  
  45  6:14  Zealot x3  
  47  6:27  Zealot x2  
  47  6:28  Zealot  
  45  6:47  Charge  
  43  6:59  Zealot x2  
  43  7:00  Zealot x3  
  43  7:01  Zealot  
  54  7:24  Probe  
  54  7:25  Nexus  
  55  7:31  Probe, Assimilator  
  55  7:32  Probe  
  55  7:33  Assimilator  
  55  7:35  Dark Shrine  
  57  7:42  Probe  
  57  7:50  Assimilator  
  58  7:52  Probe  
  59  8:00  Probe x2  
  61  8:07  Pylon  
  61  8:11  Robotics Facility  
  61  8:12  Probe  
  62  8:20  Pylon  
  62  8:21  Pylon  
  62  8:25  Probe x2, Assimilator  
  62  8:26  Assimilator  
  64  8:30  Pylon  
  64  8:36  Probe x2  
  66  8:44  Probe x2  
  66  8:48  Pylon  
  67  8:52  Probe  
  67  8:54  Probe  
  68  8:59  Stalker  
  68  9:00  Stalker x5  
  78  9:04  Probe  
  78  9:06  Probe  
  78  9:07  Shield Battery  
  78  9:10  Shield Battery  
  78  9:13  Shield Battery  
  78  9:16  Probe  
  79  9:27  Zealot x3  
  79  9:28  Zealot x2  
  79  9:30  Immortal  
  64  9:40  Zealot  
  64  9:44  Shield Battery  
  54  9:46  Shield Battery  
  54  9:49  Zealot x3  
  54  9:50  Zealot  
  54  9:51  Zealot  
  50  10:02  Zealot  
  40  10:19  Zealot  
  40  10:20  Zealot x2  
  37  10:42  Zealot x2  
  39  10:43  Zealot  
Show
View Real Time Build Order
Export as new Build Order

Parkkatz Zerg - Winner!

Build Orders: Hatch First 

Get SALT Encoding   

  12  0:02  Drone  
  13  0:15  Overlord  
  13  0:16  Drone  
  14  0:33  Drone x2  
  16  0:37  Drone  
  17  0:51  Drone  
  18  1:00  Hatchery  
  18  1:03  Drone  
  18  1:05  Extractor  
  18  1:10  Drone  
  18  1:21  Drone  
  19  1:31  Overlord  
  19  1:44  Spawning Pool  
  18  1:58  Drone x2  
  20  2:03  Hatchery  
  19  2:14  Drone x3  
  22  2:35  Queen, Metabolic Boost  
  22  2:36  Queen  
  26  2:39  Zergling x2  
  26  2:42  Zergling x2  
  28  2:52  Drone x3  
  28  2:53  Drone  
  32  3:09  Overlord  
  32  3:11  Drone x2  
  32  3:12  Queen  
  36  3:17  Queen  
  38  3:37  Drone x2  
  38  3:38  Drone x2  
  38  3:39  Drone  
  38  3:40  Drone x4  
  45  3:47  Overlord  
  45  3:48  Overlord  
  45  3:53  Queen  
  47  3:56  Extractor  
  47  3:57  Extractor  
  47  3:59  Evolution Chamber  
  44  4:03  Roach Warren  
  44  4:07  Spore Crawler  
  44  4:09  Spore Crawler  
  41  4:10  Drone  
  41  4:11  Drone x2  
  41  4:16  Zergling x2  
  45  4:17  Zergling x4  
  45  4:18  Zergling x2  
  45  4:20  Zergling x2  
  49  4:26  Drone x3  
  49  4:27  Drone  
  49  4:29  Drone  
  54  4:31  Drone  
  54  4:36  Zerg Missile Weapons Level 1  
  55  4:41  Overlord  
  55  4:44  Drone  
  56  4:48  Drone x4  
  56  4:50  Zergling x2  
  56  4:51  Zergling x4  
  63  4:54  Baneling Nest  
  63  4:55  Drone  
  63  4:56  Drone  
  64  5:01  Drone  
  64  5:02  Drone x2  
  65  5:25  Zergling x2  
  65  5:26  Zergling x16  
  72  5:40  Zergling x2  
  72  5:41  Zergling x8  
  74  5:42  Zergling x2  
  65  6:00  Drone  
  65  6:02  Drone x8  
  67  6:14  Zergling x2  
  67  6:15  Zergling x4  
  70  6:21  Queen  
  70  6:29  Queen  
  68  6:34  Drone  
  68  6:35  Zergling x6  
  68  6:36  Zergling x8  
  64  7:02  Drone  
  64  7:03  Drone x5  
  69  7:09  Queen  
  69  7:10  Drone  
  69  7:11  Drone x2, Overlord  
  69  7:13  Overlord  
  74  7:21  Zerg Ground Armor Level 1  
  74  7:22  Lair  
  74  7:27  Extractor  
  74  7:30  Drone x2, Overlord  
  74  7:31  Overlord  
  74  7:32  Roach x5  
  74  7:33  Roach x2  
  89  7:39  Zergling x2  
  90  7:53  Roach x2  
  90  7:54  Roach x6  
  106  8:00  Baneling x5  
  106  8:01  Baneling  
  106  8:03  Overlord x3  
  106  8:04  Overlord  
  106  8:13  Extractor  
  106  8:14  Drone  
  106  8:15  Drone, Extractor  
  106  8:19  Overseer  
  106  8:21  Centrifical Hooks  
  106  8:22  Glial Reconstitution  
  106  8:27  Drone x3, Evolution Chamber  
  106  8:28  Drone x4  
  106  8:32  Roach  
  106  8:33  Roach x2  
  118  8:44  Roach  
  118  8:45  Roach x6  
  118  8:46  Roach x2  
  136  9:26  Hatchery  
  136  9:30  Roach x5  
  136  9:31  Roach  
  130  9:39  Overlord x4  
  126  9:49  Roach  
  126  9:50  Roach x3  
  130  10:07  Roach x11  
  130  10:08  Roach x3  
  143  10:29  Overlord x2  
Tags
 
Add a new tag
Caveats
  • Supply blocks, unpowered buildings, or Contaminate may cause inaccurate times.
  • Supply counts are checked every 10 seconds.